 Dungeon Crawl Stone Soup version 0.27.1-1-g398f81649c (webtiles) character file.

Game seed: 2221087831633895398

99 Borgoz the Covered (level 4, 0/29 HPs)
             Began as a Gargoyle Fighter on Sept 16, 2021.
             Slain by Pikel (7 damage)
             ... on level 4 of the Dungeon.
             The game lasted 00:02:36 (2184 turns).

Borgoz the Covered (Gargoyle Fighter)               Turns: 2184, Time: 00:02:37

Health: 0/29       AC: 10    Str: 19    XL:     4   Next: 72%
Magic:  4/4        EV:  7    Int: 15    God:
Gold:   68         SH:  9    Dex: 10    Spells: 3/3 levels left

rFire    . . .     SeeInvis .   a - +0 flail
rCold    . . .     Faith    .   c - +0 kite shield
rNeg     + . .     Spirit   .   b - +0 scale mail
rPois    ∞         Reflect  .   (no helmet)
rElec    +         Harm     .   (no cloak)
rCorr    .         Rampage  .   (no gloves)
Will     .....                  (no boots)
Stlth    ..........             (no amulet)
HPRegen  0.09/turn              j - +6 ring of intelligence
MPRegen  0.09/turn              (no ring)

@: mighty
A: sickness immunity, AC +3, negative energy resistance 1, electricity
resistance, torment resistance 1, petrification resistance
a: no special abilities


You were on level 4 of the Dungeon.
You visited 1 branch of the dungeon, and saw 4 of its levels.

You collected 68 gold pieces.

Inventory:

Hand Weapons
 a - a +0 flail (weapon)
Armour
 b - a +0 scale mail (worn)
 c - a +0 kite shield (worn)
Jewellery
 j - a +6 ring of intelligence (left hand)
Scrolls
 e - a scroll of torment {unknown}
 f - a scroll of fear {unknown}
 g - a scroll of immolation {unknown}
 h - 2 scrolls of teleportation {unknown}
 i - 2 scrolls of identify {unknown}
 m - a scroll of amnesia {unknown}
Potions
 k - a potion of flight {unknown}
 l - a potion of lignification {unknown}


   Skills:
 * Level 4.1 Fighting
 * Level 3.0 Maces & Flails
 * Level 4.2 Armour
 + Level 3.7 Shields


You had 3 spell levels left.
You didn't know any spells.
Your spell library contained the following spells:

 Spells                   Type           Power      Damage    Failure   Level
 Ensorcelled Hibernation  Hex/Ice        0%         N/A       99%         2
 Spider Form              Tmut/Pois      0%         N/A       100%        3
 Shadow Creatures         Summ           N/A        N/A       100%        6


Dungeon Overview and Level Annotations

Branches:
Dungeon (4/15)
 Temple: D:4-7

Altars:

Shops:
D:2 !

Annotations:
D:3 Sigmund
D:4 Pikel


Innate Abilities, Weirdness & Mutations

You are immune to sickness and miasma.
Your stone body is resilient. (AC +3)
You are immune to poison.
You resist negative energy. (rN+)
You are resistant to electric shocks. (rElec)
You are resistant to unholy torment.
You are immune to petrification.


Message History

You kill the lemure!
That felt strangely unrewarding.
Pikel the Slaver comes into view.
He is wielding a +1 whip of flaming.
You block the lemure's attack.
You completely miss the lemure.
Pikel shouts!
The giant cockroach bites you. The lemure hits you!
Pikel says, "You'll rot in Tartarus!"
You hit the lemure.
The lemure is lightly wounded.
The giant cockroach closely misses you. The lemure hits you but does no damage.
The giant cockroach bites you but does no damage.
You closely miss Pikel. You block the giant cockroach's attack.
Pikel hits you with a +1 whip of flaming!
Pikel burns you. The giant cockroach barely misses you.
You are too injured to fight recklessly!
You are too injured to fight recklessly!
You are too injured to fight recklessly!
You sock the giant cockroach!
You kill the giant cockroach!
Pikel hits you with a +1 whip of flaming.
* * * LOW HITPOINT WARNING * * *
Pikel burns you.
* * * LOW HITPOINT WARNING * * *
Pikel hits you but does no damage.
You hit Pikel.
Pikel is lightly wounded.
Pikel closely misses you.
Okay, then.
You hit Pikel.
Pikel is moderately wounded.
You block Pikel's attack.
Pikel says, "I'm sure the Orcish Mines are around here somewhere..."
You block Pikel's attack.
You bludgeon Pikel!!
Pikel is severely wounded.
You hear a shout!
Pikel says, "Don't tell anyone, but I think Ereshkigal likes me."
Pikel hits you with a +1 whip of flaming!
You die... # #.########## #SK@<$...... #5########## #

You could see Pikel, a lemure and a ball python.

Vanquished Creatures
  A lemure (D:4)
  5 adders
  A worm (D:2)
  A dart slug (D:3)
  5 orcs (D:3)
  An endoplasm (D:1)
  3 giant cockroaches
  2 goblins (D:1)
  4 hobgoblins
  2 jackals (D:2)
  2 kobolds (D:1)
  3 quokkas
  5 ball pythons
  3 bats
  2 frilled lizards
  2 rats
42 creatures vanquished.

Notes
Turn   | Place    | Note
-------+----------+-------------------------------------------
     0 | D:1      | Borgoz the Gargoyle Fighter began the quest for the Orb.
     0 | D:1      | Reached XP level 1. HP: 14/14 MP: 1/1
     9 | D:1      | Noticed a bullfrog
   396 | D:1      | Reached XP level 2. HP: 16/19 MP: 2/2
   754 | D:1      | Found a faded altar of an unknown god.
   973 | D:2      | Reached XP level 3. HP: 9/24 MP: 3/3
  1374 | D:2      | Found Ogeohor's Distillery.
  1824 | D:3      | Reached XP level 4. HP: 27/29 MP: 4/4
  2163 | D:3      | Noticed Sigmund
  2173 | D:4      | Noticed a lemure
  2175 | D:4      | Noticed a lemure
  2177 | D:4      | Killed a lemure
  2177 | D:4      | Noticed Pikel
  2184 | D:4      | Slain by Pikel

Illustrated notes

Levels and vault maps discovered:
D:1:      evilmike_arrival_come_back, layout_basic,
          hellmonk_ecumenical_altar_heavens_door, kennysheep_doodads
D:2:      layout_basic, serial_shops, nicolae_shop_statue_plus
D:3:      layout_basic, serial_shops, shop, serial_bayou_ford_a,
          kennysheep_cross_room, uniq_sigmund
D:4:      layout_loops_ring, tso_oasis_becter, minmay_temple_entry_mini_moons,
          minmay_snake_closets, uniq_ijyb, uniq_pikel

Skill      XL: |  1  2  3  4 |
---------------+-------------+-----
Armour         | 4 |  4.2
Fighting       | 4 |  4.1
Maces & Flails | 3 |  3.0
Shields        | |  3.7

Action                   |  1- 3 |  4- 6 || total
-------------------------+-------+-------++-------
Melee: Flail             |   101 |    56 ||   157
  Use: Potion            |       |     1 ||     1
Armor: Scale mail        |    60 |    27 ||    87
Dodge: Dodged            |    38 |    19 ||    57
Block: Kite shield       |    64 |    26 ||    90
